 Dungeon Crawl Stone Soup version 0.29-a0-982-gaed3a0c8d8 (webtiles) character file.

Game seed: 5481814144632093497

14647 inmateoo the Grappler (level 11, -5/87 HPs)
             Began as a Demonspawn Fighter on Aug 1, 2022.
             Was a Priest of Makhleb.
             Slain by a two-headed ogre
             ... wielding a +0 giant spiked club
              (16 damage)
             ... on level 12 of the Dungeon.
             The game lasted 00:13:49 (15625 turns).

inmateoo the Grappler (Demonspawn Fighter)         Turns: 15625, Time: 00:13:50

Health: -5/87      AC: 27    Str: 18    XL:     11   Next: 91%
Magic:  0/12       EV:  8    Int: 15    God:    Makhleb [***...]
Gold:   643        SH:  6    Dex: 16    Spells: 12/12 levels left

rFire   + . .      SeeInvis .     - Unarmed
rCold   . . .      Faith    .   c - +0 buckler
rNeg    . . .      Spirit   +   B - +0 plate armour
rPois   .          Reflect  .   q - +1 helmet
rElec   .          Harm     .   b - +2 cloak {Stlth+}
rCorr   .          Rampage  .   m - +0 pair of gloves
Will    .....                   f - +0 pair of boots
Stlth   ..........              t - amulet of guardian spirit
HPRegen 0.24/turn               n - +6 ring of intelligence
MPRegen 0.13/turn               F - ring of protection from fire

@: sanguine armoured
A: powered by death 1, sanguine armour 1, demonic magic 2, demonic touch 2
a: Renounce Religion, Minor Destruction, Lesser Servant of Makhleb


You were on level 12 of the Dungeon.
You worshipped Makhleb.
Makhleb was most pleased with you.
You visited 2 branches of the dungeon, and saw 13 of its levels.

You collected 758 gold pieces.
You spent 115 gold pieces at shops.

Inventory:

Hand Weapons
 a - a +2 war axe of freezing
Armour
 b - a +2 cloak of stealth (worn)
 c - a +0 buckler (worn)
 f - a +0 pair of boots (worn)
 m - a +0 pair of gloves (worn)
 q - a +1 helmet (worn)
 B - a +0 plate armour (worn)
Jewellery
 n - a +6 ring of intelligence (left hand)
 t - an amulet of guardian spirit (around neck)
 F - a ring of protection from fire (right hand)
Wands
 v - a wand of digging (10)
 x - a wand of iceblast (26)
 A - a wand of polymorph (1)
 C - a wand of flame (14)
Scrolls
 i - 2 scrolls of blinking
 j - 4 scrolls of teleportation
 l - a scroll of enchant armour
 p - a scroll of brand weapon
 w - 2 scrolls of identify
 y - 4 scrolls of amnesia
Potions
 d - 3 potions of might
 e - a potion of lignification
 g - 2 potions of mutation
 h - a potion of ambrosia
 k - 4 potions of brilliance
 o - 2 potions of resistance
 s - 5 potions of curing
 u - a potion of magic
 D - a potion of heal wounds
 E - a potion of flight {unknown}


   Skills:
 + Level 8.3 Fighting
 - Level 5.0 Axes
 + Level 7.8 Armour
 + Level 7.1 Dodging
 + Level 7.7 Shields
 * Level 9.4 Unarmed Combat
 + Level 1.0 Spellcasting
 + Level 1.4 Invocations


You had 12 spell levels left.
You didn't know any spells.
Your spell library contained the following spells:

 Spells                   Type           Power      Damage    Failure   Level
 Shock                    Conj/Air       0%         1d3       100%        1
 Sting                    Tmut/Pois      0%         1d3       100%        1
 Blink                    Tloc           0%         N/A       100%        2
 Ensorcelled Hibernation  Hex/Ice        0%         N/A       100%        2
 Passwall                 Tmut/Erth      0%         N/A       100%        2
 Poisonous Vapours        Pois/Air       0%         N/A       100%        2
 Conjure Flame            Conj/Fire      0%         6-21      100%        3
 Frozen Ramparts          Ice            0%         1d8       100%        3
 Ignite Poison            Fire/Tmut/Pois 0%         N/A       100%        3
 Stone Arrow              Conj/Erth      0%         3d7       100%        3
 Swiftness                Air            0%         N/A       100%        3
 Airstrike                Air            0%         0-1+      100%        4
 Animate Armour           Summ/Erth      0%         N/A       100%        4
 Fulminant Prism          Conj/Hex       0%         3d6       100%        4
 Ice Form                 Ice/Tmut       0%         N/A       100%        4
 Iskenderun's Mystic Bla  Conj/Tloc      0%         2d3       100%        4
 Olgreb's Toxic Radiance  Pois           0%         N/A       100%        4
 Sticky Flame             Conj/Fire      0%         2d3       100%        4
 Summon Ice Beast         Ice/Summ       0%         N/A       100%        4
 Lee's Rapid Deconstruct  Erth           0%         3d5*      100%        5
 Manifold Assault         Tloc           0%         N/A       100%        5
 Storm Form               Tmut/Air       0%         N/A       100%        7
 Lehudib's Crystal Spear  Conj/Erth      0%         10d2      100%        8


Dungeon Overview and Level Annotations

Branches:
Dungeon (12/15)            Temple (1/1) D:5            Lair (0/5) D:10
    Orc: D:9-12

Altars:
Ashenzari
Cheibriados
Dithmenos
Fedhas
Gozag
Hepliaklqana
Kikubaaqudgha
Makhleb
Nemelex Xobeh
Okawaru
Qazlal
Ru
Sif Muna
Trog
Uskayaw
Vehumet
Wu Jian
Xom
Yredelemnul

Shops:
D:4 ?


Innate Abilities, Weirdness & Mutations

You regenerate a little health from kills.
When seriously injured, your blood forms armour. (AC +6)
Spells you cast may paralyse nearby enemies.
Your touch may inflict irresistible damage on your foes.


Message History

The two-headed ogre is heavily wounded.
You hit the two-headed ogre.
The two-headed ogre is heavily wounded.
You block the two-headed ogre's attack. The two-headed ogre barely misses you.
Throw: 2 throwing nets
Press: ? - help, Q - select action, (/) - cycle Shift-Dir - straight line, f/p - two-headed ogre
Aim: a two-headed ogre, wielding a +0 giant spiked club and a +0 giant club (heavily wounded, 77% to hit)
You throw a throwing net.
The throwing net barely misses the two-headed ogre.
You hit the two-headed ogre.
The two-headed ogre is heavily wounded.
The two-headed ogre barely misses you.
The two-headed ogre hits you with a +0 giant club.
You completely miss the two-headed ogre.
The two-headed ogre is heavily wounded.
The two-headed ogre hits you with a +0 giant spiked club.
The two-headed ogre hits you with a +0 giant club.
You hit the two-headed ogre.
The two-headed ogre is heavily wounded.
You punch the two-headed ogre!
The two-headed ogre is severely wounded.
The two-headed ogre barely misses you.
The two-headed ogre hits you with a +0 giant club!!
You are too injured to fight recklessly!
You hit the two-headed ogre but do no damage.
The two-headed ogre is severely wounded.
You hit the two-headed ogre but do no damage.
The two-headed ogre is severely wounded.
The two-headed ogre hits you with a +0 giant spiked club!!
* * * LOW HITPOINT WARNING * * *
The two-headed ogre hits you but does no damage.
You hit the two-headed ogre.
The two-headed ogre is almost dead.
Throw: throwing net
Press: ? - help, Q - select action, (/) - cycle Shift-Dir - straight line, f/p - two-headed ogre
Aim: a two-headed ogre, wielding a +0 giant spiked club and a +0 giant club (almost dead, 77% to hit)
You throw a throwing net.
The throwing net barely misses the two-headed ogre.
The two-headed ogre hits you with a +0 giant spiked club!!
You die...

#.#.# #.#.#
#.#.# .
#.#.# #.#
#.#.#
....##.#.#
.......#.###
(.....O@...#
....!....#.#
......####.#
#####. #.# #
#.# #.# #.#
#.# #.#


You could see a two-headed ogre.

Vanquished Creatures
  A two-headed ogre (D:11)
  Pikel (D:6)
  An ugly thing (D:11)
  A manticore (D:11)
  A cyclops (D:10)
  Joseph (D:8)
  Maurice (D:9)
  Psyche (D:8)
  An unseen horror (D:11)
  A kobold demonologist (D:12)
  A troll (D:10)
  2 hornets (D:10)
  Grinder (D:5)
  Prince Ribbit (D:8)
  2 shadows
  2 wraiths (D:10)
  3 wyverns
  A basilisk (D:10)
  23 yaks
  Eustachio (D:6)
  A steam dragon (D:8)
  Edmund (D:5)
  2 acid dragons
  2 water moccasins (D:10)
  2 ice beasts
  2 orc warriors
  4 ogres
  9 black bears
  2 wolves (D:10)
  2 centaurs
  A kobold brigand (D:9)
  2 phantoms
  Blork the orc (D:6)
  3 necrophages
  3 bullfrogs
  A gnoll sergeant (D:8)
  3 scorpions
  15 killer bees
  10 howler monkeys
  A jelly (D:5)
  4 hounds
  6 orc priests
  Crazy Yiuf (D:5)
  A gnoll bouda (D:7)
  3 iguanas
  Jessica (D:2)
  Natasha (D:4)
  7 orc wizards
  8 gnolls
  5 adders
  A shadow imp (D:7)
  An ufetubus (D:5)
  A worm (D:4)
  32 orcs
  8 ball pythons
  4 endoplasms
  4 giant cockroaches
  9 goblins
  7 hobgoblins
  15 jackals
  11 kobolds
  2 quokkas
  14 bats
  3 frilled lizards
  6 rats
269 creatures vanquished.

Vanquished Creatures (others)
  5 fungi
  12 plants
17 creatures vanquished.

Grand Total: 286 creatures vanquished

Notes
Turn   | Place    | Note
-------+----------+-------------------------------------------
     0 | D:1      | inmateoo the Demonspawn Fighter began the quest for the
                  | Orb.
     0 | D:1      | Reached XP level 1. HP: 18/18 MP: 1/1
   157 | D:1      | Gained mutation: Spells you cast may paralyse adjacent
                  | enemies. [demonic ancestry]
   157 | D:1      | Reached XP level 2. HP: 21/24 MP: 2/2
   468 | D:1      | Gained mutation: Your touch may inflict minor irresistible
                  | damage on your foes. [demonic ancestry]
   468 | D:1      | Reached XP level 3. HP: 21/29 MP: 3/3
   943 | D:2      | Noticed Jessica
  1114 | D:2      | Killed Jessica
  1115 | D:2      | Reached skill level 1 in Dodging
  1115 | D:2      | Reached XP level 4. HP: 30/35 MP: 4/4
  1388 | D:2      | Found a faded altar of an unknown god.
  2095 | D:3      | Gained mutation: Spells you cast may paralyse nearby
                  | enemies. [demonic ancestry]
  2095 | D:3      | Reached XP level 5. HP: 40/41 MP: 5/5
  2309 | D:3      | Found a shimmering blue altar of Sif Muna.
  2313 | D:3      | Found a shimmering altar of Xom.
  2919 | D:4      | Noticed a black bear
  2926 | D:4      | Killed a black bear
  2959 | D:4      | Found a sparkling altar of Nemelex Xobeh.
  2963 | D:4      | Noticed a black bear
  2966 | D:4      | Noticed a black bear
  3031 | D:4      | Gained mutation: You regenerate a little health from kills.
                  | [demonic ancestry]
  3031 | D:4      | Reached XP level 6. HP: 47/48 MP: 6/6
  3156 | D:4      | Found a bloodstained altar of Trog.
  3473 | D:4      | Gained mutation: Your touch may inflict irresistible damage
                  | on your foes. [demonic ancestry]
  3473 | D:4      | Reached XP level 7. HP: 45/54 MP: 7/7
  3669 | D:4      | Found a broken altar of Ashenzari.
  3981 | D:4      | Reached skill level 1 in Unarmed Combat
  4242 | D:4      | Found Puyroe Nuup's Magic Scroll Shoppe.
  4257 | D:4      | Bought a scroll of blinking for 75 gold pieces
  4257 | D:4      | Bought a scroll of identify for 20 gold pieces
  4257 | D:4      | Bought a scroll of identify for 20 gold pieces
  4457 | D:4      | Noticed Natasha
  4465 | D:4      | Killed Natasha
  4621 | D:5      | Entered Level 5 of the Dungeon
  5281 | D:5      | Reached skill level 5 in Axes
  5281 | D:5      | Reached skill level 2 in Unarmed Combat
  5281 | D:5      | Reached XP level 8. HP: 55/61 MP: 8/8
  5696 | D:5      | Reached skill level 3 in Unarmed Combat
  5749 | D:5      | Noticed Grinder
  5749 | D:5      | Paralysed by Grinder for 3 turns
  5766 | D:5      | Paralysed by Grinder for 4 turns
  5771 | D:5      | Killed Grinder
  5772 | D:5      | Reached skill level 5 in Fighting
  5873 | D:5      | Found a runed translucent door.
  5873 | D:5      | Identified the +1 hammer of Dirghup {vorpal, Str+2}
  5874 | D:5      | Noticed Crazy Yiuf
  5887 | D:5      | Killed Crazy Yiuf
  5999 | D:5      | Noticed Edmund
  6010 | D:5      | Killed Edmund
  6020 | D:5      | Reached skill level 5 in Armour
  6057 | D:5      | Reached skill level 4 in Unarmed Combat
  6365 | D:5      | Found a staircase to the Ecumenical Temple.
  6371 | Temple   | Entered the Ecumenical Temple
  6538 | Temple   | Became a worshipper of Makhleb the Destroyer
  6834 | D:6      | Noticed Pikel
  6848 | D:6      | Killed Pikel
  6849 | D:6      | Reached skill level 5 in Shields
  6849 | D:6      | Reached XP level 9. HP: 47/69 MP: 6/9
  6883 | D:6      | Noticed Blork the orc
  7133 | D:6      | Killed Blork the orc
  7134 | D:6      | Reached skill level 5 in Unarmed Combat
  7346 | D:6      | Noticed Eustachio
  7363 | D:6      | Killed Eustachio
  8191 | D:7      | Reached * piety under Makhleb
  8243 | D:7      | Reached skill level 6 in Unarmed Combat
  8409 | D:7      | Found an ornate altar of the Wu Jian Council.
  8418 | D:7      | Reached skill level 5 in Dodging
  8949 | D:8      | Noticed Psyche
  8958 | D:8      | Killed Psyche
  8959 | D:8      | Gained mutation: When seriously injured, your blood forms
                  | armour. (AC +6) [demonic ancestry]
  8959 | D:8      | Reached XP level 10. HP: 22/77 MP: 2/10
  9678 | D:8      | Noticed Prince Ribbit
  9701 | D:8      | Killed Prince Ribbit
  9702 | D:8      | Reached skill level 7 in Unarmed Combat
 10452 | D:8      | Noticed Joseph
 10469 | D:8      | Killed Joseph
 11026 | D:9      | Noticed Maurice
 11040 | D:9      | Killed Maurice
 11047 | D:9      | Reached ** piety under Makhleb
 11149 | D:9      | Reached XP level 11. HP: 62/84 MP: 8/11
 11261 | D:9      | Reached skill level 8 in Unarmed Combat
 11819 | D:10     | Entered Level 10 of the Dungeon
 12196 | D:10     | Found a sacrificial altar of Ru.
 12581 | D:10     | Found a staircase to the Lair.
 12998 | D:10     | Found an iron altar of Okawaru.
 13715 | D:11     | Noticed a two-headed ogre
 13729 | D:11     | Killed a two-headed ogre
 13729 | D:11     | Reached *** piety under Makhleb
 13730 | D:11     | Reached skill level 9 in Unarmed Combat
 14755 | D:11     | Noticed a white ugly thing
 14795 | D:11     | Killed a white ugly thing
 14796 | D:11     | Reached skill level 1 in Invocations
 15456 | D:12     | Reached skill level 1 in Spellcasting
 15601 | D:12     | Noticed a two-headed ogre
 15625 | D:12     | Slain by a two-headed ogre

Illustrated notes

Levels and vault maps discovered:
D:1:      nzn_arrival_settlement, layout_loops_corners
D:2:      minmay_chambers_of_ones, layout_basic,
          shapermc_ecumenical_altar_petra, serial_bayou_pond_c, uniq_jessica
D:3:      layout_basic, minitemple
D:4:      layout_basic, trog_ov_bears_minmay, mainiacjoe_overflow_two_lobes,
          mainiacjoe_overflow_catwalk, serial_co_window_serial,
          co_window_paths_a, co_window_of_opportunity_a, co_window_corner_a,
          co_window_of_opportunity_a, co_window_corner_a, co_window_cross_2,
          co_window_of_opportunity_b, co_window_corner_b, co_window_paths_c,
          co_window_unsneaky_path_e, co_window_2corner, co_window_4corner_b,
          co_window_paths_d, glass_columns_a, serial_shops,
          nicolae_stop_n_shop_2, uniq_natasha
D:5:      layout_loops_ring, zin_treasury, minmay_temple_entry_fiery,
          uniq_grinder, uniq_crazy_yiuf_cottage, uniq_edmund
D:6:      layout_basic, uniq_eustachio, uniq_pikel, uniq_blork_the_orc
D:7:      layout_loops_ring, nicolae_wu_jian_immortal_techniques
D:8:      layout_loops_ring, nicolae_straight_to_the_point, uniq_joseph,
          uniq_prince_ribbit1, uniq_psyche
D:9:      layout_stronghold, serial_glass, glass_columns_b, glass_columns_c,
          glass_columns_a, glass_columns_c, glass_columns_b, glass_columns_a,
          due_unseen_surprise, item_on_display_a, grunt_ministairs_3,
          uniq_maurice
D:10:     layout_loops_corners, mainiacjoe_overflow_small_starburst,
          kennysheep_little_box, minmay_lair_entry_grove
D:11:     layout_loops_ring
D:12:     layout_basic, orc_0_dummy, serial_glass, glass_columns_a,
          glass_columns_a, uniq_azrael
Temple:   chequers_temple_sunken

Skill      XL: |  1  2  3  4  5  6  7  8  9 10 11 |
---------------+----------------------------------+-----
Axes           | 2 3 4 5 |  5.0
Armour         | 3 4 5 6 7 |  7.8
Dodging        | 1 2 3 4 5 6 7 |  7.1
Shields        | 3 4 5 6 7 |  7.7
Fighting       | 4 5 6 7 8 |  8.3
Unarmed Combat | 2 4 6 7 9 |  9.4
Invocations    | 1 |  1.4
Spellcasting   | 1 |  1.0

Action                   |  1- 3 |  4- 6 |  7- 9 | 10-12 || total
-------------------------+-------+-------+-------+-------++-------
Melee: War axe           |   126 |   186 |   377 |   343 ||  1032
       Unarmed           |       |       |     3 |   347 ||   350
Throw: Throwing net      |       |       |       |     3 ||     3
Evoke: Wand              |       |       |       |    18 ||    18
  Use: Scroll            |     1 |     7 |     9 |     6 ||    23
       Potion            |       |       |     5 |     3 ||     8
 Stab: Paralysed         |       |       |       |    15 ||    15
Armor: Scale mail        |    82 |   148 |   169 |    70 ||   469
       Skin              |       |       |    35 |       ||    35
       Plate armour      |       |       |       |   367 ||   367
Dodge: Dodged            |    62 |   125 |   208 |   277 ||   672
Block: Buckler           |    29 |    63 |   119 |   180 ||   391

Table legend: (Time is in decaauts)
 A = Elapsed time spent in this place.
 B = Non-inter-level travel time spent in this place.
 C = Inter-level travel time spent in this place.
 D = Time resting spent in this place.
 E = Time spent auto-exploring this place.
 F = Levels seen in this place.
 G = Mean time per level.
                   A        B        C        D        E       F      G
               +--------+--------+--------+--------+--------+-----+--------+
         Total |  15999 |  15523 |    476 |   5237 |   7370 |  13 | 1230.7 |
       Dungeon |  15769 |  15300 |    469 |   5237 |   7167 |  12 | 1314.1 |
        Temple |    230 |    223 |      7 |      0 |    202 |   1 |  230.0 |
               +--------+--------+--------+--------+--------+-----+--------+

Top non-repeatable levels by time:
     D:8: 2183 daAuts
     D:4: 2151 daAuts
    D:10: 2144 daAuts
    D:11: 1475 daAuts
     D:5: 1432 daAuts
     D:7: 1195 daAuts
     D:1: 1138 daAuts
     D:3: 1074 daAuts
     D:2: 1042 daAuts
     D:9: 903 daAuts
     D:6: 848 daAuts
  Temple: 230 daAuts
    D:12: 180 daAuts
